Map: Tokamak LE

Players

SgtWonton - Winner!

  • Race: Terran Terran
  • League: Diamond
  • Spawn Location: 1:00

SubN

  • Race: Zerg Zerg
  • League: Diamond
  • Spawn Location: 7:00

VOD

Have the link to the VOD?

Description

Time

  • Played on: July 31, 2025, 1:28 p.m.
  • Length: 12:58
Show
View Real Time Build Order
Export as new Build Order

SgtWonton Terran - Winner!

Build Orders: Gas First Reaper Expand 

Get SALT Encoding   

  12  0:01  SCV  
  13  0:13  SCV  
  14  0:21  Supply Depot  
  14  0:30  SCV  
  15  0:35  Refinery  
  15  0:45  Barracks  
  15  0:48  SCV  
  16  1:00  SCV  
  17  1:14  SCV  
  19  1:33  Reaper  
  19  1:39  Orbital Command  
  19  1:50  Command Center  
  19  1:58  Supply Depot  
  19  2:05  Marine  
  19  2:07  SCV  
  21  2:24  SCV  
  21  2:29  Factory, Barracks Reactor  
  22  2:36  SCV  
  23  2:49  SCV  
  23  2:50  Refinery  
  24  3:02  SCV  
  24  3:03  Orbital Command  
  24  3:06  Marine x2  
  26  3:15  SCV  
  27  3:21  Factory Tech Lab  
  27  3:22  Starport  
  27  3:26  Marine x2  
  29  3:34  SCV x2  
  31  3:36  Barracks  
  31  3:45  Engineering Bay x2  
  31  3:51  Siege Tank  
  34  4:01  Starport Reactor  
  35  4:02  SCV  
  35  4:03  SCV  
  35  4:09  Refinery  
  36  4:10  Marine x2  
  36  4:15  SCV  
  36  4:16  Terran Infantry Weapons Level 1  
  39  4:19  Terran Infantry Armor Level 1  
  39  4:24  Refinery  
  39  4:28  Marine  
  40  4:36  Marine  
  40  4:37  Marine  
  42  4:38  Factory Tech Lab  
  42  4:43  SCV  
  43  4:46  Marine, SCV  
  43  4:48  Stimpack  
  45  4:55  SCV  
  46  5:08  Supply Depot  
  46  5:16  Supply Depot, Combat Shield  
  46  5:17  Supply Depot  
  46  5:23  Missile Turret  
  46  5:29  Marine x2, SCV x2, Medivac  
  46  5:30  Widow Mine  
  54  5:36  Supply Depot  
  54  5:38  Medivac  
  56  5:43  SCV x2  
  56  5:47  Marine x2  
  60  5:55  SCV  
  60  5:56  SCV  
  62  6:01  Medivac  
  66  6:04  Widow Mine  
  66  6:05  Marine  
  66  6:06  Supply Depot  
  67  6:18  SCV x2  
  67  6:23  Armory  
  68  6:25  Marine x2  
  68  6:27  Supply Depot  
  68  6:30  Command Center  
  70  6:34  Supply Depot  
  70  6:37  SCV  
  70  6:38  SCV  
  72  6:43  Marine  
  72  6:44  Supply Depot  
  73  6:49  SCV  
  74  6:58  SCV  
  75  7:01  SCV  
  75  7:05  Barracks  
  75  7:06  Barracks  
  75  7:07  Marine x2  
  80  7:08  Widow Mine, Medivac  
  80  7:10  SCV  
  80  7:15  SCV  
  84  7:22  SCV  
  85  7:25  Marine x2  
  84  7:38  Widow Mine  
  84  7:42  Marine  
  84  7:43  Orbital Command, Marine  
  88  7:44  Liberator x2  
  96  7:59  Barracks Reactor  
  96  8:00  Marine x2, Barracks Tech Lab  
  96  8:04  Terran Infantry Weapons Level 2, SCV x2  
  96  8:05  Terran Infantry Armor Level 2  
  98  8:06  Barracks  
  98  8:09  SCV  
  98  8:10  Factory  
  99  8:16  SCV  
  100  8:24  Marine x3  
  100  8:26  Widow Mine  
  102  8:39  Marine x2  
  102  8:40  Orbital Command, Liberator  
  105  8:42  Marine x2  
  105  8:47  Marine  
  108  8:49  Widow Mine x2  
  111  8:57  Marine x2  
  113  9:05  SCV x2  
  115  9:18  Supply Depot  
  115  9:20  Supply Depot  
  115  9:23  SCV x2  
  115  9:24  Supply Depot  
  117  9:25  Supply Depot  
  117  9:28  Marine x3, SCV  
  117  9:29  Marine x2  
  117  9:30  Widow Mine  
  125  9:37  Barracks  
  125  9:38  Supply Depot  
  125  9:39  Barracks  
  125  9:40  SCV x3, Widow Mine  
  125  9:42  Supply Depot  
  130  9:46  Marine  
  130  9:48  Marine x4  
  135  10:04  Marine  
  135  10:05  Marine, Widow Mine x2  
  135  10:06  Marine x2, SCV x2  
  143  10:09  SCV  
  138  10:18  SCV  
  131  10:25  SCV x2  
  132  10:30  Missile Turret  
  132  10:31  Missile Turret x2  
  127  10:37  Missile Turret, SCV  
  127  10:38  Marine, SCV  
  127  10:39  Missile Turret, Marine x4  
  134  10:43  Medivac x2, Widow Mine x2  
  134  10:44  SCV  
  134  10:47  Missile Turret  
  142  10:52  Barracks Reactor  
  142  10:53  Refinery, Barracks Reactor  
  142  10:54  Refinery  
  142  10:56  Marine, SCV  
  142  10:57  Marine x4, SCV x2  
  141  11:08  Missile Turret  
  141  11:09  SCV x2  
  141  11:10  Missile Turret  
  143  11:14  Marine x2  
  143  11:16  Concussive Shells  
  143  11:18  Marine x3  
  148  11:27  Widow Mine, Medivac x2  
  148  11:32  Missile Turret, Marine x2  
  155  11:34  Missile Turret  
  155  11:36  Marine x2  
  155  11:39  Supply Depot x2  
  158  11:44  Command Center  
  158  11:46  Missile Turret  
  158  11:49  Missile Turret, SCV  
  158  11:50  Missile Turret, Marine x3, SCV x2  
  158  11:51  Marine x4  
  168  11:54  Marine  
  168  11:56  Widow Mine x2  
  173  12:02  Factory Tech Lab  
  173  12:03  Barracks Tech Lab  
  173  12:04  Factory  
  163  12:29  Marine x2  
  163  12:30  Marine x3  
  163  12:32  Marine x5  
  163  12:34  Widow Mine x3  
Show
View Real Time Build Order
Export as new Build Order

SubN Zerg 

Build Orders: Hatch First 

Get SALT Encoding   

  12  0:00  Drone  
  13  0:08  Drone  
  14  0:15  Drone, Extractor  
  15  0:21  Overlord  
  15  0:45  Drone  
  15  0:49  Drone, Hatchery  
  16  0:53  Drone  
  18  0:57  Drone  
  18  1:04  Extractor  
  17  1:14  Spawning Pool  
  16  1:26  Drone x2  
  16  1:29  Drone  
  19  1:48  Drone  
  20  1:57  Drone  
  21  2:02  Queen x2  
  21  2:03  Zergling x4  
  27  2:14  Overlord  
  27  2:23  Drone  
  28  2:34  Drone  
  28  2:35  Drone x3  
  32  2:42  Queen  
  34  2:50  Extractor  
  34  3:02  Hatchery  
  33  3:06  Overlord  
  33  3:07  Drone x3  
  36  3:17  Roach Warren  
  35  3:21  Overlord  
  35  3:26  Lair  
  35  3:30  Drone  
  35  3:31  Drone x5  
  41  3:36  Drone  
  42  3:44  Drone x4  
  46  3:56  Baneling Nest  
  46  3:57  Overlord x3  
  45  4:12  Extractor  
  44  4:20  Queen  
  44  4:22  Drone x7  
  53  4:29  Drone x2  
  53  4:30  Spore Crawler  
  54  4:32  Overlord  
  54  4:36  Overlord  
  54  4:47  Drone x5  
  54  4:50  Overseer  
  54  4:51  Overseer  
  59  4:54  Queen  
  59  4:55  Queen  
  59  4:59  Drone  
  64  5:01  Drone x4  
  64  5:03  Queen  
  70  5:09  Glial Reconstitution  
  70  5:12  Zergling x12  
  76  5:19  Baneling x2  
  76  5:22  Baneling  
  76  5:25  Drone  
  76  5:26  Drone x2  
  76  5:27  Drone  
  76  5:28  Extractor  
  79  5:29  Drone  
  79  5:32  Queen  
  79  5:34  Roach  
  79  5:35  Roach  
  86  5:38  Zergling x8  
  90  6:17  Hatchery  
  90  6:18  Metabolic Boost  
  89  6:25  Drone  
  89  6:27  Overlord x5, Spore Crawler  
  89  6:32  Zergling x2  
  90  6:33  Extractor  
  90  6:37  Drone  
  90  6:42  Baneling x5  
  90  6:57  Zergling x6  
  90  6:58  Zergling x6  
  96  7:09  Extractor  
  96  7:13  Centrifugal Hooks  
  96  7:15  Overlord x3  
  95  7:21  Spire  
  74  7:43  Drone x9  
  83  7:47  Drone x3  
  86  7:56  Zergling x16  
  86  7:57  Zergling x2  
  95  7:58  Queen  
  95  7:59  Spore Crawler  
  96  8:06  Spore Crawler  
  96  8:07  Overlord  
  93  8:25  Zergling x2  
  93  8:26  Zergling x14  
  95  8:53  Drone x12  
  103  9:01  Spore Crawler  
  102  9:03  Drone  
  102  9:07  Overlord  
  102  9:08  Evolution Chamber  
  102  9:09  Queen  
  102  9:10  Drone x3, Evolution Chamber  
  102  9:11  Drone  
  102  9:12  Drone x2  
  102  9:15  Extractor  
  108  9:21  Spore Crawler  
  108  9:23  Zergling x8  
  111  9:44  Mutalisk x7  
  111  9:45  Mutalisk x6  
  130  9:49  Overseer x3  
  130  9:54  Spore Crawler  
  104  10:31  Drone x13  
  113  11:22  Infestation Pit  
  113  11:23  Corruptor x2  
  113  11:24  Corruptor x2  
  120  11:26  Overseer  
  120  11:29  Drone x2  
  120  11:30  Drone  
  120  11:32  Extractor  
  122  11:33  Extractor  
  122  11:34  Drone  
  122  11:35  Drone x3  
  122  11:37  Hatchery  
  124  11:40  Zergling x6  
  124  11:43  Baneling  
  124  11:44  Baneling x14  
  124  11:45  Overlord x2  
  124  11:46  Overlord x3  
  127  12:05  Zergling x20  
  127  12:06  Zergling x4  
  139  12:20  Extractor  
  139  12:21  Zergling x2  
  139  12:22  Zergling x16  
  138  12:24  Extractor  
Tags
 
Add a new tag
Caveats
  • Supply blocks, unpowered buildings, or Contaminate may cause inaccurate times.
  • Supply counts are checked every 10 seconds.